AoeStats
← [•Ø•T•] Bully G

Arena

509818608Analyzed
4v4 RM · 5d ago on Sep 28, 2026· 44m 24s· 8 players
Game mode
Random Map
Map size
Large (8 player)
Population
200
Speed
Normal
Resources
Standard
Victory
Conquest
Starting age
Dark Age
Ending age
Imperial Age
RankedLock teamsTeams togetherTeam positionsShared explorationLock speedFull tech treeHidden civsTurbo modeCheats
Victory
Defeat
🇨🇱 Spanish · Chile
1179
+16
1136
+18
🇦🇷 Romans · Argentina
1127
+18
🇦🇷 Danes · Argentina
1105
+20
🇸🇬 Khmer · Singapore
1218
-19
🇨🇳 Goths · China
1187
-18
🇭🇰 Franks · Hong Kong SAR China
1174
-18
🇮🇩 Mongols · Indonesia
1150
-17
BananaPyjamas
0:28 Loom
11:31 Feudal Age
16:41 Castle Age
15:22 Double-Bit Axe
31:31 Imperial Age
29:39 Wheelbarrow
28:49 Horse Collar
30:44 Gold Mining
30:45 Stone Mining
31:07 Heavy Plow
31:19 Bow Saw
31:03 Fletching
31:13 Padded Archer Armor
31:24 Forging
31:19 Scale Barding Armor
32:29 Gold Shaft Mining
32:29 Stone Shaft Mining
31:57 Bodkin Arrow
32:36 Double Crossbow
32:27 Elite Ballista Elephant
33:51 Ballistics
34:38 Chemistry
38:24 Husbandry
37:51 Light Cavalry
38:46 Bloodlines
39:45 Iron Casting
39:31 Chain Barding Armor
38:49 Hussar
42:53 Blast Furnace
42:28 Plate Barding Armor
42:12 Leather Archer Armor
42:06 Bracer
Chelsea Smile
8:46 Feudal Age
9:11 Horse Collar
9:17 Double-Bit Axe
18:12 Castle Age
16:23 Gold Mining
16:45 Fletching
17:32 Padded Archer Armor
17:43 Town Watch
18:34 Wheelbarrow
19:07 Bow Saw
19:03 Heavy Plow
19:07 Bodkin Arrow
21:46 Gold Shaft Mining
28:03 Imperial Age
26:56 Leather Archer Armor
28:01 Ballistics
30:15 Chemistry
大润发杀鱼20年
8:36 Loom
11:19 Feudal Age
11:53 Double-Bit Axe
18:24 Castle Age
16:55 Gold Mining
18:41 Stone Mining
19:30 Bow Saw
20:20 Gold Shaft Mining
22:28 Wheelbarrow
25:07 Fortified Wall
HEADUP
0:44 Loom
10:39 Feudal Age
14:40 Castle Age
12:42 Horse Collar
13:14 Double-Bit Axe
17:11 Bow Saw
21:14 Heavy Plow
23:22 Wheelbarrow
23:56 Gold Mining
24:34 Stone Mining
24:42 Town Watch
26:58 Fletching
29:59 Imperial Age
27:35 Bodkin Arrow
28:18 Scale Mail Armor
28:28 Forging
28:52 Anarchy
28:21 Man-at-Arms
30:09 Chain Mail Armor
29:17 Long Swordsman
30:01 Squires
30:14 Town Patrol
31:17 Iron Casting
30:19 Two-Handed Swordsman
32:09 Perfusion
33:26 Conscription
33:14 Pikeman
35:17 Blast Furnace
34:54 Champion
34:56 Halberdier
35:48 Capped Ram
37:48 Hand Cart
40:32 Crop Rotation
41:03 Two-Man Saw
42:28 Elite Huskarl
ZZ|Generale Máximus X Meridius
12:52 Feudal Age
17:05 Castle Age
22:13 Imperial Age
20:46 Double-Bit Axe
20:55 Gold Mining
22:08 Padded Archer Armor
27:17 Leather Archer Armor
34:01 Ring Archer Armor
37:53 Horse Collar
38:08 Loom
39:00 Wheelbarrow
42:13 Town Watch
ZZ|infierno_wallhack
11:01 Feudal Age
14:58 Castle Age
12:55 Double-Bit Axe
13:51 Stone Mining
14:31 Padded Archer Armor
18:17 Wheelbarrow
18:08 Bow Saw
19:08 Loom
20:50 Horse Collar
22:14 Town Watch
23:47 Heavy Plow
24:15 Gold Mining
25:58 Masonry
26:27 Fortified Wall
27:46 Husbandry
28:15 Hand Cart
31:24 Stone Shaft Mining
30:47 Murder Holes
31:09 Bloodlines
35:28 Imperial Age
33:16 Forging
33:11 Scale Barding Armor
35:13 Iron Casting
35:15 Chain Barding Armor
35:29 Cavalier
36:45 Architecture
37:18 Conscription
38:19 Two-Man Saw
38:24 Blast Furnace
37:59 Plate Barding Armor
37:17 Paladin
41:34 Light Cavalry
42:26 Fletching
42:51 Leather Archer Armor
42:38 Scale Mail Armor
43:34 Hussar
[•AH•] HHerrera
11:14 Feudal Age
12:23 Horse Collar
12:34 Double-Bit Axe
14:29 Gold Mining
14:32 Stone Mining
16:57 Wheelbarrow
19:01 Forging
18:52 Scale Mail Armor
21:15 Castle Age
19:50 Arson
20:26 Fletching
22:24 Loom
22:54 Hand Cart
22:28 Town Watch
22:40 Pikeman
23:07 Gambesons
23:23 Squires
24:05 Iron Casting
27:14 Bow Saw
27:06 Heavy Plow
29:19 Hamask
32:14 Town Patrol
34:02 Man-at-Arms
35:25 Chain Mail Armor
38:06 Imperial Age
35:42 Long Swordsman
38:13 Two-Handed Swordsman
38:14 Elite Varangian Guard
38:35 Elite Jomsviking
39:37 Conscription
40:06 Champion
42:23 Blast Furnace
41:43 Halberdier
44:30 Plate Mail Armor
[•Ø•T•] Bully G
0:58 Loom
11:51 Feudal Age
12:48 Horse Collar
12:53 Double-Bit Axe
21:14 Castle Age
21:08 Scale Mail Armor
21:18 Forging
21:00 Fletching
20:58 Man-at-Arms
22:39 Chain Mail Armor
21:47 Long Swordsman
22:41 Squires
23:00 Town Watch
23:14 Pikeman
25:08 Bodkin Arrow
25:49 Iron Casting
32:30 Iron Casting
32:01 Scale Barding Armor
39:21 Imperial Age
39:30 Imperial Age
37:02 Heavy Plow
38:38 Padded Archer Armor
38:59 Chain Barding Armor
40:26 Bow Saw
41:02 Comitatenses
41:04 Conscription
41:46 Wheelbarrow
Connection lost

Rejoining the realm…

Still unreachable

The connection could not be restored.

Session expired

The server has moved on; the page needs a fresh start.